 Dungeon Crawl Stone Soup version 0.29.0-10-g45618ea6d2 (webtiles) character file.

Game seed: 15201778996843147211

2305 smilodon the Slasher (level 9, -10/65 HPs)
             Began as a Demonspawn Gladiator on Sept 2, 2022.
             Mangled by a rakshasa
             ... wielding a +0 trident
              (19 damage)
             ... on level 1 of the Abyss.
             The game lasted 00:13:24 (8355 turns).

smilodon the Slasher (Demonspawn Gladiator)         Turns: 8355, Time: 00:13:24

Health: -10/65     AC: 14    Str: 18      XL:     9   Next: 18%
Magic:  9/9        EV:  6    Int: 10 (11) God:
Gold:   318        SH:  0    Dex: 14      Spells: 8/8 levels left

rFire   + . .      SeeInvis .   C - +1 flail (vorpal)
rCold   . . .      Faith    .   (no shield)
rNeg    . . .      Spirit   .   h - +0 plate armour
rPois   .          Reflect  .   c - +0 helmet
rElec   .          Harm     .   k - +0 cloak
rCorr   .          Rampage  .   (no gloves)
Will    .....                   (no boots)
Stlth   ..........              (no amulet)
HPRegen 0.20/turn               (no ring)
MPRegen 0.11/turn               (no ring)

@: hasted, very quick
A: spiny 3, weakness stinger 1, fire resistance 1
a: no special abilities


You were on level 1 of the Abyss.
You visited 1 branch of the dungeon, and saw 8 of its levels.
You visited the Abyss 1 time.

You collected 318 gold pieces.

Inventory:

Hand Weapons
 C - a +1 vorpal flail (weapon)
Missiles
 d - 4 throwing nets (quivered)
 e - a javelin
Armour
 b - a +0 leather armour
 c - a +0 helmet (worn)
 g - a +0 chain mail
 h - a +0 plate armour (worn)
 k - a +0 cloak (worn)
 u - a +0 pair of gloves
Jewellery
 m - a ring of protection from cold
 n - a ring of flight
 t - a ring of flight
 z - a ring of poison resistance
Wands
 i - a wand of roots (23)
 B - a wand of charming (8)
Scrolls
 j - 3 scrolls of immolation
 o - a scroll of fog
 v - 2 scrolls of noise
 w - a scroll of enchant weapon
 x - 2 scrolls of enchant armour
 y - a scroll of torment {unknown}
Potions
 a - a potion of magic
 f - a potion of degeneration
 q - 3 potions of brilliance
 r - a potion of ambrosia
 A - a potion of cancellation


   Skills:
 - Level 4.0 Fighting
 - Level 6.8 Long Blades
 * Level 6.5 Maces & Flails
 + Level 2.3 Throwing
 - Level 4.5 Armour
 - Level 3.4 Dodging
 - Level 0.9 Stealth


You had 8 spell levels left.
You didn't know any spells.
Your spell library contained the following spells:

 Spells                   Type           Power      Damage    Failure   Level
 Summon Small Mammal      Summ           0%         N/A       100%        1
 Call Canine Familiar     Summ           0%         N/A       100%        3
 Ozocubu's Armour         Ice            0%         N/A       100%        3
 Summon Guardian Golem    Hex/Summ       0%         N/A       100%        3
 Ozocubu's Refrigeration  Ice            0%         4d7       100%        7


Dungeon Overview and Level Annotations

Branches:
Dungeon (8/15)             Temple (0/1) D:4
   Lair: D:8-11

Altars:
Cheibriados
Fedhas
Qazlal
Xom
Yredelemnul

Shops:
D:1 [   D:8 [


Innate Abilities, Weirdness & Mutations

You are completely covered in sharp spines.
You have a small tail.
Your flesh is heat resistant. (rF+)


Message History

The neqoxec is severely wounded.
The neqoxec barely misses you.
You sock the neqoxec!
You kill the neqoxec!
A small abomination comes into view.
Your extra speed is starting to run out.
You feel yourself slow down.
You feel yourself speed up.
A rakshasa comes into view. It is wielding a +0 trident.
You start resting.
A rakshasa is nearby!
You feel yourself speed up.
The rakshasa hits you from afar with a +0 trident.
You hit the rakshasa but do no damage. The rakshasa barely misses you.
You sock the rakshasa!
Your tail-slap misses the rakshasa.
The rakshasa is moderately wounded.
The rakshasa hits you with a +0 trident!
* * * LOW HITPOINT WARNING * * *
Okay, then.
Okay, then.
You closely miss the rakshasa.
The rakshasa is moderately wounded.
The rakshasa barely misses you.
You barely miss the rakshasa.
You tail-slap the rakshasa, but do no damage.
The rakshasa is lightly wounded.
You hit the rakshasa.
The rakshasa is moderately wounded.
The rakshasa is struck by your spines.
The rakshasa hits you but does no damage.
You hit the rakshasa.
Your tail-slap misses the rakshasa.
The rakshasa is moderately wounded.
The rakshasa is struck by your spines.
The rakshasa hits you but does no damage.
You hit the rakshasa but do no damage.
You tail-slap the rakshasa, but do no damage.
The rakshasa is heavily wounded.
The rakshasa is struck by your spines.
The rakshasa hits you with a +0 trident!!
You die...

. .. ..... .
#... ###.#
### ...# #.##
.###
##.####### #.
#...# .. . #
##.@###. ..
##
#..R#.#.#...#
####. .#. .#
#..## . .
#...... ....
#..#.#...#. .
.##.. ... . .
. ...#.. . .
# . . .# #


You could see a rakshasa.

Vanquished Creatures
  A wraith (Abyss:1)
  A neqoxec (Abyss:1)
  A small abomination (Abyss:1)
  A water moccasin (D:7)
  A black bear (D:4)
  An orc warrior (D:7)
  4 ice beasts
  A centaur (D:5)
  2 phantoms
  2 bullfrogs (D:6)
  A necrophage (D:6)
  A scorpion (D:6)
  2 howler monkeys
  A jelly (D:5)
  3 hounds
  A gnoll bouda (D:7)
  3 orc priests
  Ijyb (D:3)
  Terence (D:2)
  2 iguanas (D:6)
  5 orc wizards
  6 gnolls
  8 adders
  2 shadow imps
  A white imp (D:5)
  A worm (D:3)
  A dart slug (D:3)
  19 orcs
  8 ball pythons
  5 endoplasms
  4 giant cockroaches
  7 goblins
  6 hobgoblins
  2 jackals (D:2)
  4 quokkas
  4 bats
  3 frilled lizards
  10 kobolds
  6 rats
133 creatures vanquished.

Notes
Turn   | Place    | Note
-------+----------+-------------------------------------------
     0 | D:1      | smilodon the Demonspawn Gladiator began the quest for the
                  | Orb.
     0 | D:1      | Reached XP level 1. HP: 16/16 MP: 1/1
   453 | D:1      | Gained mutation: You are partially covered in sharp spines.
                  | [demonic ancestry]
   453 | D:1      | Reached XP level 2. HP: 14/22 MP: 2/2
   673 | D:1      | Found Nanu's Antique Armour Shoppe.
  1245 | D:2      | Gained mutation: You are mostly covered in sharp spines.
                  | [demonic ancestry]
  1245 | D:2      | Reached XP level 3. HP: 24/27 MP: 3/3
  1288 | D:2      | You fall into a shaft and drop 2 floors!
  1353 | D:4      | Noticed a black bear
  1360 | D:4      | Reached XP level 4. HP: 30/33 MP: 4/4
  1365 | D:4      | Killed a black bear
  1366 | D:4      | Reached skill level 1 in Armour
  1366 | D:4      | Reached XP level 5. HP: 27/39 MP: 5/5
  1504 | D:3      | Identified the +0 flail "Ficulaeps" {spect, *Corrode rPois
                  | Str+4}
  1729 | D:3      | Noticed an ice beast
  1737 | D:3      | Killed an ice beast
  1738 | D:3      | Reached XP level 6. HP: 46/46 MP: 6/6
  2502 | D:2      | Noticed Terence
  2511 | D:2      | Killed Terence
  3164 | D:3      | Found a stormy altar of Qazlal.
  3164 | D:3      | Noticed a fire elemental
  3166 | D:3      | Noticed a water elemental
  3166 | D:3      | Noticed an air elemental
  3491 | D:3      | Noticed Ijyb
  3501 | D:3      | Killed Ijyb
  3725 | D:3      | Reached skill level 5 in Long Blades
  3726 | D:3      | Found a blossoming altar of Fedhas.
  4075 | D:4      | Found a shimmering altar of Xom.
  4147 | D:4      | Found a staircase to the Ecumenical Temple.
  4338 | D:4      | Found a basalt altar of Yredelemnul.
  4561 | D:5      | Entered Level 5 of the Dungeon
  4602 | D:5      | Gained mutation: You are completely covered in sharp
                  | spines. [demonic ancestry]
  4602 | D:5      | Reached XP level 7. HP: 40/52 MP: 7/7
  5403 | D:5      | Gained mutation: Your flesh is heat resistant. (rF+)
                  | [potion of mutation]
  5429 | D:6      | Found a snail-covered altar of Cheibriados.
  5974 | D:6      | Gained mutation: You have a small tail. [demonic ancestry]
  5974 | D:6      | Reached XP level 8. HP: 60/60 MP: 8/8
  6641 | D:7      | Reached skill level 1 in Maces & Flails
  7872 | D:7      | Reached skill level 5 in Maces & Flails
  8069 | D:8      | Found Qiri's Antique Armour Boutique.
  8229 | Abyss:1  | Cast into level 1 of the Abyss (orc)
  8295 | Abyss:1  | Reached XP level 9. HP: 46/65 MP: 9/9
  8341 | Abyss:1  | Noticed a rakshasa
  8355 | Abyss:1  | Mangled by a rakshasa

Illustrated notes

Levels and vault maps discovered:
D:1:      shiori_arrival_maze, layout_basic, serial_shops, nicolae_square_shop,
          shapermc_ecumenical_altar_petra
D:2:      layout_basic, interstate_on_off, kennysheep_generic_room_15,
          uniq_terence
D:3:      layout_basic, mainiacjoe_overflow_alcove_1,
          nicolae_qazlal_style_of_elements, uniq_ijyb
D:4:      layout_basic, xom_teletrap_fun, mainiacjoe_overflow_alcove_2,
          minmay_temple_entry_trees, chequers_serial_rivers_room_b
D:5:      layout_gridville, overflow_temple_1_default, dk_vineyard_2
D:6:      layout_layer_cave, cheibriados_altar_1
D:7:      dreamdust_elfheim, layout_loops_ring, enter_bailey_6
D:8:      layout_rooms, kennysheep_vampire_church,
          mainiacjoe_overflow_catwalk_spiral, serial_corexii_hall,
          chequers_hall_statues_wall_a, chequers_hall_statues_wall_a,
          serial_shops, nicolae_diamond_shop, serial_bayou_pond_d
Abyss:1:  base:
D:2

Skill      XL: |  1  2  3  4  5  6  7  8  9 |
---------------+----------------------------+-----
Throwing       | 2 |  2.3
Long Blades    | 3 4 5 6 |  6.8
Dodging        | 3 |  3.4
Armour         | 1 2 3 4 |  4.5
Fighting       | 3 4 |  4.0
Maces & Flails | 5 6 |  6.5
Stealth        | |  0.9

Action                   |  1- 3 |  4- 6 |  7- 9 || total
-------------------------+-------+-------+-------++-------
Melee: Long sword        |    47 |   117 |    43 ||   207
       Punch             |       |     1 |     2 ||     3
       Flail             |       |       |    97 ||    97
       Tailslap          |       |       |    15 ||    15
Throw: Throwing net      |       |     1 |       ||     1
  Use: Scroll            |     1 |    10 |     6 ||    17
       Potion            |       |     1 |    14 ||    15
 Stab: Sleeping          |     1 |       |       ||     1
       Invisible         |       |       |     2 ||     2
Armor: Leather armour    |     8 |       |       ||     8
       Chain mail        |     6 |       |       ||     6
       Plate armour      |     4 |    86 |   100 ||   190
Dodge: Dodged            |    24 |    32 |    42 ||    98
